[Event "Titled Tuesday Blitz May 24 Late 2022"]
[White "Milchev, Nikolay"]
[Black "Winkels, Marcel"]
[WhiteFideId "2906090"]
[BlackFideId "1003887"]
[WhiteElo "2449"]
[BlackElo "1900"]
[Result "1-0"]
[Round "09"]
[TimeControl "180+1"]
[Date "2022.05.25"]
[WhiteClock "0:01:31"]
[BlackClock "0:00:33"]

1. Nf3 Nf6 2. c4 g6 3. Nc3 Bg7 4. e4 d6 5. d4 O-O 6. h3 c6 7. Be3 e5 8. dxe5 dxe5 9. c5 Be6 10. Be2 Nbd7 11. a3 a5 12. b4 axb4 13. axb4 Rxa1 14. Qxa1 Qa8 15. O-O Nh5 16. Ng5 Nf4 17. Nxe6 Nxe6 18. Bg4 f5 19. Qxa8 Rxa8 20. exf5 gxf5 21. Bxf5 Ndf8 22. Ne4 Nd4 23. Bg4 Ra4 24. Rb1 Nc2 25. Bd2 Ng6 26. Nd6 Ra7 27. Bc8 Bf8 28. Nxb7 Ra8 29. Be6+ Kg7 30. Nd6 Ra2 31. Bxa2 1-0


[Site "https://www.chess.com"]

[Event "Titled Tuesday Blitz May 24 Late 2022"]
[White "Miszler, Levente"]
[Black "Dobre, Claudiu-Cristian"]
[WhiteFideId "763276"]
[BlackFideId "1211854"]
[WhiteElo "1966"]
[BlackElo "2207"]
[Result "1-0"]
[Round "09"]
[TimeControl "180+1"]
[Date "2022.05.25"]
[WhiteClock "0:00:10"]
[BlackClock "0:00:03"]

1. Nf3 d6 2. c4 f5 3. Nc3 g6 4. g3 Bg7 5. Bg2 Nf6 6. O-O O-O 7. Rb1 e5 8. d3 a5 9. a3 Nc6 10. b4 axb4 11. axb4 h6 12. b5 Ne7 13. Bb2 g5 14. Ra1 Rxa1 15. Qxa1 f4 16. Nd2 Qe8 17. Qa7 Qh5 18. Nce4 Ng4 19. h3 Nf6 20. Nxf6+ Rxf6 21. g4 Qf7 22. Bxb7 Bxb7 23. Qxb7 Ng6 24. Ne4 Re6 25. Ra1 f3 26. exf3 Nh4 27. Ng3 Rf6 28. Ra8+ Bf8 29. Rc8 Nxf3+ 30. Kh1 Nh4 31. Rxc7 Qg6 32. Qd5+ Kh8 33. Nh5 Rxf2 34. Bxe5+ dxe5 35. Qxe5+ Bg7 36. Rxg7 Rf1+ 37. Kh2 Nf3+ 38. Kg2 Nxe5 39. Rxg6 Nxg6 40. Kxf1 Ne5 41. b6 Nd7 42. b7 Nb8 43. c5 Kg8 44. d4 Kf7 45. d5 Ke7 46. Ke2 Kd7 47. Kd3 Kc7 48. c6 Kd6 49. Kd4 Na6 50. Nf6 Nb8 51. Ne8+ Ke7 52. c7 Nc6+ 53. dxc6 1-0


[Site "https://www.chess.com"]

[Event "Titled Tuesday Blitz May 24 Late 2022"]
[White "Moral Garcia, Serafin"]
[Black "Yanayt, Eugene"]
[WhiteFideId "2201925"]
[BlackFideId "2020165"]
[WhiteElo "2228"]
[BlackElo "2046"]
[Result "1-0"]
[Round "09"]
[TimeControl "180+1"]
[Date "2022.05.25"]
[WhiteClock "0:01:36"]
[BlackClock "0:00:30"]

1. e4 c5 2. Nf3 d6 3. d4 cxd4 4. Nxd4 Nf6 5. Nc3 g6 6. Be3 Bg7 7. f3 Nc6 8. Qd2 h5 9. O-O-O Bd7 10. Kb1 Rc8 11. g3 Ne5 12. h3 a6 13. Rg1 b5 14. g4 b4 15. Nd5 Nxd5 16. exd5 a5 17. f4 Nc4 18. Bxc4 Rxc4 19. f5 Kf8 20. fxg6 fxg6 21. Qd3 Qc8 22. Qxg6 hxg4 23. Rdf1+ Kg8 24. Qf7+ Kh7 25. hxg4 Bxg4 26. Rh1+ Bh3 27. Rf3 1-0


[Site "https://www.chess.com"]

[Event "Titled Tuesday Blitz May 24 Late 2022"]
[White "Motylev, Alexander"]
[Black "Diaz Rosas, Julio Cesar"]
[WhiteFideId "4121830"]
[BlackFideId "5105099"]
[WhiteElo "2470"]
[BlackElo "2278"]
[Result "1-0"]
[Round "09"]
[TimeControl "180+1"]
[Date "2022.05.24"]
[WhiteClock "0:00:02"]
[BlackClock "0:00:04"]

1. Nf3 d5 2. g3 Nf6 3. Bg2 Bf5 4. O-O e6 5. c4 c6 6. Qb3 Qb6 7. d3 Nbd7 8. Be3 Bc5 9. Bxc5 Nxc5 10. Qxb6 axb6 11. Nc3 h6 12. Rfe1 O-O 13. Ne5 Bh7 14. d4 Na4 15. cxd5 exd5 16. Nxa4 Rxa4 17. e3 Rfa8 18. a3 b5 19. Bf3 b4 20. Bd1 R4a7 21. a4 Bf5 22. Rc1 Ra5 23. f3 Nd7 24. Nxd7 Bxd7 25. g4 b6 26. Bb3 Kf8 27. Kf2 g6 28. Kg3 g5 29. h4 f6 30. e4 dxe4 31. fxe4 c5 32. Bd5 Re8 33. Rf1 Kg7 34. e5 cxd4 35. exf6+ Kf8 36. Bc4 Re3+ 37. Rf3 Bxa4 38. hxg5 Rxg5 39. Rxe3 dxe3 40. Re1 Bd7 41. b3 Bxg4 42. Kf4 e2 43. Ra1 Bc8 44. Bxe2 Rf5+ 45. Ke3 Rxf6 46. Ra8 Re6+ 47. Kf2 Re8 48. Bb5 Rd8 49. Ba6 Ke7 50. Rxc8 Rd2+ 51. Ke3 Rb2 52. Bc4 Kf6 53. Rc6+ Kg5 54. Rxb6 h5 55. Rb5+ Kg4 56. Rxb4 Kg3 57. Be6 Rb1 58. Kd2 Rf1 59. Rb8 Rf2+ 60. Ke3 Rf3+ 61. Ke2 Rf2+ 62. Ke3 Rf6 63. Rg8+ Kh2 64. Bc4 h4 65. Ke4 Rf2 66. Bd5 Rd2 67. b4 h3 68. b5 Rb2 69. Bc6 Kh1 70. Kd4+ Kh2 71. Kd5 Rd2+ 72. Kc5 Rc2+ 73. Kb6 Rb2 74. Rh8 Kg3 75. Rg8+ Kf4 76. Kc7 h2 77. Rh8 Kg3 78. b6 Rb1 79. b7 Rb2 80. b8=Q Rxb8 81. Kxb8 h1=Q 82. Rh2 1-0


[Site "https://www.chess.com"]

[Event "Titled Tuesday Blitz May 24 Late 2022"]
[White "Novikova, Galina"]
[Black "Vivas Zamora, Fabian Ernesto"]
[WhiteFideId "4157095"]
[BlackFideId "3902480"]
[WhiteElo "1863"]
[BlackElo "1987"]
[Result "0-1"]
[Round "09"]
[TimeControl "180+1"]
[Date "2022.05.25"]
[WhiteClock "0:01:09"]
[BlackClock "0:00:11"]

1. e4 e5 2. Nf3 Nc6 3. d4 exd4 4. Nxd4 Nf6 5. Nxc6 bxc6 6. Qe2 Bc5 7. Nc3 O-O 8. Bg5 h6 9. Bh4 Bd4 10. Qd3 Bxc3+ 11. Qxc3 Nxe4 12. Bxd8 Nxc3 13. Bxc7 Re8+ 14. Kd2 Ne4+ 15. Ke3 Ng3+ 16. Kf3 Nxh1 17. Bd3 Nxf2 18. Kxf2 d5 19. h3 Bb7 20. Bd6 a5 21. a4 Ba6 22. Bxa6 Rxa6 23. Bc5 Re4 24. b3 Ra8 25. Rd1 f6 26. Rd3 Rae8 27. Rc3 Rf4+ 28. Kg3 g5 29. Bb6 Re2 30. Rxc6 h5 31. c4 dxc4 32. bxc4 Rc2 33. c5 h4+ 34. Kh2 Rff2 35. Rc8+ Kg7 36. c6 Rxg2+ 37. Kh1 Rh2+ 38. Kg1 Rhd2 39. Rc7+ Kg6 40. Rd7 Rc1# 0-1


[Site "https://www.chess.com"]

[Event "Titled Tuesday Blitz May 24 Late 2022"]
[White "Nozdrachev, Leonid"]
[Black "Santos Ruiz, Miguel"]
[WhiteFideId "24113433"]
[BlackFideId "22291482"]
[WhiteElo "2255"]
[BlackElo "2486"]
[Result "0-1"]
[Round "09"]
[TimeControl "180+1"]
[Date "2022.05.24"]
[WhiteClock "0:00:08"]
[BlackClock "0:00:44"]

1. e4 c6 2. Qf3 d5 3. exd5 cxd5 4. Bb5+ Nc6 5. c4 e6 6. Nc3 Nf6 7. d4 Be7 8. Bg5 O-O 9. Bxc6 bxc6 10. Nge2 Ba6 11. cxd5 cxd5 12. O-O Qa5 13. Rfc1 Rfc8 14. h3 h6 15. Bd2 Qb6 16. Na4 Qb8 17. Rxc8+ Qxc8 18. Rc1 Qb7 19. b3 Ne4 20. Ba5 Qb5 21. Rc7 Bf6 22. Qh5 Qxe2 23. Qxf7+ Kh8 24. Nc5 Qxf2+ 25. Kh1 Bf1 26. Qg6 Ng3+ 0-1


[Site "https://www.chess.com"]

[Event "Titled Tuesday Blitz May 24 Late 2022"]
[White "O`Gorman, Tom"]
[Black "Tanenbaum, Zachary"]
[WhiteFideId "2508249"]
[BlackFideId "2060850"]
[WhiteElo "2247"]
[BlackElo "2168"]
[Result "0-1"]
[Round "09"]
[TimeControl "180+1"]
[Date "2022.05.24"]
[WhiteClock "0:00:21"]
[BlackClock "0:00:59"]

1. c4 e5 2. Nc3 Nc6 3. Nf3 Nf6 4. e4 Bb4 5. d3 d6 6. Be2 O-O 7. O-O h6 8. Bd2 Bg4 9. a3 Bc5 10. b4 Bb6 11. Nd5 Bxf3 12. Bxf3 Nxd5 13. cxd5 Nd4 14. Be3 a5 15. bxa5 Rxa5 16. g3 Qa8 17. a4 Nxf3+ 18. Qxf3 Bxe3 19. fxe3 Rxa4 20. Rac1 Qd8 21. Rc2 Ra3 22. Rfc1 Rxd3 23. Rxc7 Rb3 24. Qf5 Rxe3 25. Rd7 Qg5 26. Qxg5 hxg5 27. Rc4 Re2 28. Rxd6 Ra8 29. Rc1 Raa2 30. Rd8+ Kh7 31. d6 Rg2+ 32. Kh1 Rxh2+ 33. Kg1 Rag2+ 34. Kf1 Rxg3 35. Rd1 Rh1+ 36. Kf2 Rxd1 37. Kxg3 Kg6 38. Kg4 f6 39. Kf3 b5 40. Ke2 Rd4 41. Ke3 b4 42. d7 b3 43. Rb8 Rxd7 44. Rxb3 Rd8 45. Kf3 Rh8 46. Rb7 Rh3+ 47. Kg4 Re3 48. Rb4 Rxe4+ 49. Rxe4 f5+ 50. Kf3 fxe4+ 51. Kxe4 g4 52. Ke3 Kf5 53. Kf2 Kf4 54. Kg2 e4 55. Kf2 e3+ 56. Kg2 g3 57. Kg1 e2 58. Kg2 e1=Q 59. Kh3 Qh1# 0-1


[Site "https://www.chess.com"]

[Event "Titled Tuesday Blitz May 24 Late 2022"]
[White "Oparin, Grigoriy"]
[Black "Rustemov, Alexander"]
[WhiteFideId "24125890"]
[BlackFideId "4119002"]
[WhiteElo "2665"]
[BlackElo "2843"]
[Result "1/2-1/2"]
[Round "09"]
[TimeControl "180+1"]
[Date "2022.05.24"]
[WhiteClock "0:01:16"]
[BlackClock "0:00:34"]

1. c4 c5 2. Nf3 g6 3. g3 Bg7 4. Nc3 Nc6 5. b3 Bxc3 6. dxc3 b6 7. Bg2 Bb7 8. O-O d6 9. e4 Qc7 10. Qe2 Nf6 11. Ne1 h5 12. h3 Nd7 13. f4 e6 14. Nd3 O-O-O 15. b4 Rhe8 16. a4 a5 17. b5 Ne7 18. Bd2 f5 19. Rae1 Nf6 20. Nf2 d5 21. cxd5 exd5 22. e5 Ne4 23. Kh2 Kb8 24. Rd1 Rd7 25. c4 Nxf2 26. Rxf2 d4 27. Bxb7 Qxb7 28. Qf3 Qxf3 29. Rxf3 Ng8 30. Kg2 Nh6 31. Kf1 Kc8 32. Ke2 Kd8 33. Kd3 Ke7 34. Rg1 Ke6 35. Bc1 Rh7 36. Bd2 Reh8 37. Be1 Nf7 38. Bd2 Ke7 39. Be1 Nd8 40. Bd2 Ne6 41. h4 Rd8 42. Rh1 Rhh8 43. Rff1 Rd7 44. Re1 Ra8 45. Re2 Ng7 46. Rf1 Ke6 47. Rh1 Ke7 48. Rf1 Ne6 49. Rc1 1/2-1/2


[Site "https://www.chess.com"]

[Event "Titled Tuesday Blitz May 24 Late 2022"]
[White "Paravyan, David"]
[Black "Livaic, Leon"]
[WhiteFideId "4194985"]
[BlackFideId "14531534"]
[WhiteElo "2569"]
[BlackElo "2540"]
[Result "1-0"]
[Round "09"]
[TimeControl "180+1"]
[Date "2022.05.24"]
[WhiteClock "0:00:31"]
[BlackClock "0:00:03"]

1. e4 e6 2. d4 d5 3. Nc3 Bb4 4. e5 c5 5. a3 Bxc3+ 6. bxc3 Ne7 7. Qg4 Qc7 8. Qxg7 Rg8 9. Qxh7 cxd4 10. Rb1 Qxe5+ 11. Ne2 dxc3 12. h4 Nd7 13. Bf4 Qf5 14. Qxf5 Nxf5 15. Nxc3 a6 16. Bd3 Ne7 17. h5 e5 18. Bg3 f6 19. h6 Nc5 20. Rb6 Kf7 21. h7 Rh8 22. Rh6 Nd7 23. Rbxf6+ Nxf6 24. Bxe5 Nxh7 25. Bxh8 Ng5 26. Bf6 Ng8 27. Bxg5 Nxh6 28. Bxh6 Be6 29. Ne2 Rc8 30. Kd2 Bd7 31. Nd4 Rg8 32. g3 Rh8 33. Be3 Rh1 34. Kc3 Ra1 35. Kb2 Rg1 36. Be2 Kf6 37. Bf3 Bc6 38. Kc3 Ra1 39. Kb4 Ke5 40. Nb3 Rb1 41. Kc3 Kd6 42. Bf4+ Ke7 43. Nd4 Ra1 44. Kb2 Rf1 45. Nxc6+ bxc6 46. Be3 Kd6 47. Be2 Rg1 48. Bxa6 c5 49. a4 d4 50. Bf4+ Kd5 51. a5 c4 52. Bxc4+ Kxc4 53. a6 Rh1 54. a7 Rh7 55. a8=Q 1-0


[Site "https://www.chess.com"]

[Event "Titled Tuesday Blitz May 24 Late 2022"]
[White "Peralta, Eduardo"]
[Black "Yang, Kaiqi"]
[WhiteFideId "3700062"]
[BlackFideId "8604398"]
[WhiteElo "2125"]
[BlackElo "2373"]
[Result "1-0"]
[Round "09"]
[TimeControl "180+1"]
[Date "2022.05.24"]
[WhiteClock "0:00:03"]
[BlackClock "0:00:03"]

1. Nf3 g6 2. g3 Bg7 3. Bg2 Nf6 4. O-O O-O 5. c4 d6 6. Nc3 c5 7. Rb1 Nc6 8. d3 Bd7 9. a3 Qc8 10. b4 b6 11. b5 Nd8 12. Re1 Bh3 13. Bh1 Rb8 14. Bb2 e5 15. a4 Ne6 16. a5 Nh5 17. Nd5 Qd7 18. axb6 axb6 19. Ra1 Nf6 20. Nxf6+ Bxf6 21. Ra6 h5 22. Qa4 h4 23. Ra7 Qd8 24. Nd2 Bg7 25. Bd5 Kh7 26. Nf3 Bf6 27. Bc1 Kg7 28. Nd2 Nc7 29. Bh1 Bg5 30. Qa1 Rh8 31. Nf3 Bxc1 32. Qxc1 hxg3 33. fxg3 Bg4 34. Nd2 Ne6 35. Ne4 Nd4 36. Qb2 Rh5 37. e3 Ne6 38. Qf2 Bf5 39. g4 Rg5 40. h3 Ra8 41. Rea1 Rxa7 42. Rxa7 Kg8 43. Kf1 Qe8 44. Nxd6 Qf8 45. gxf5 gxf5 46. Nxf5 Ng7 47. Nd6 f6 48. Bd5+ Kh7 49. Nf7 Qb8 50. Be4+ Rg6 51. Qh4+ Nh5 52. Bxg6+ Kg7 53. Qxh5 Qxa7 54. Qh7+ Kf8 55. Qh8+ Ke7 56. Qd8+ Ke6 57. Qc8+ Ke7 58. Qd8+ Ke6 59. Qd6# 1-0


[Site "https://www.chess.com"]

[Event "Titled Tuesday Blitz May 24 Late 2022"]
[White "Przybylski, Wojciech"]
[Black "Yuan, Qingyu"]
[WhiteFideId "1117599"]
[BlackFideId "8609772"]
[WhiteElo "2133"]
[BlackElo "2359"]
[Result "0-1"]
[Round "09"]
[TimeControl "180+1"]
[Date "2022.05.24"]
[WhiteClock "0:00:01"]
[BlackClock "0:00:13"]

1. e4 c6 2. d4 d5 3. e5 c5 4. Nf3 cxd4 5. Nxd4 Nc6 6. f4 Nxd4 7. Qxd4 e6 8. c4 Ne7 9. cxd5 Nxd5 10. Nc3 Bb4 11. Bb5+ Bd7 12. Bxd7+ Qxd7 13. O-O Rc8 14. Ne4 O-O 15. Be3 Ba5 16. Bf2 Rc2 17. Qd3 Rxb2 18. Ng5 g6 19. Rad1 h6 20. Ne4 Qb5 21. Qh3 Qe2 22. Ng3 Nxf4 23. Qxh6 Qg4 24. Rd4 Ne2+ 25. Nxe2 Qxe2 26. Rh4 Qxf2+ 27. Rxf2 Rb1+ 28. Rf1 Bb6+ 0-1


[Site "https://www.chess.com"]

[Event "Titled Tuesday Blitz May 24 Late 2022"]
[White "Remolar Gallen, Jose"]
[Black "Romero Ruscalleda, Josep"]
[WhiteFideId "2215187"]
[BlackFideId "2231859"]
[WhiteElo "2205"]
[BlackElo "2302"]
[Result "0-1"]
[Round "09"]
[TimeControl "180+1"]
[Date "2022.05.25"]
[WhiteClock "0:00:04"]
[BlackClock "0:00:13"]

1. d4 g6 2. e4 Bg7 3. Nc3 d6 4. f4 a6 5. Nf3 b5 6. Bd3 Bb7 7. Qe2 Nh6 8. O-O O-O 9. Be3 Nd7 10. Rad1 c5 11. e5 Bxf3 12. Qxf3 cxd4 13. Bxd4 dxe5 14. fxe5 Nxe5 15. Bxe5 Bxe5 16. Kh1 Qb8 17. Nd5 Ra7 18. Rde1 Qd6 19. c4 bxc4 20. Bxc4 Nf5 21. g4 Nd4 22. Qe3 Bg7 23. Rf4 Ne6 24. Rxf7 Rxf7 25. Qxa7 Bd4 26. Qa8+ Kg7 27. Qb7 Nc5 28. Qc8 e6 29. Ne3 Bxe3 30. Rxe3 Qd1+ 31. Kg2 Qd2+ 32. Re2 Qf4 33. Qxc5 Qf3+ 34. Kg1 Qf1# 0-1


[Site "https://www.chess.com"]

[Event "Titled Tuesday Blitz May 24 Late 2022"]
[White "Richter, Nils"]
[Black "Boder, Jan"]
[WhiteFideId "12990809"]
[BlackFideId "16243226"]
[WhiteElo "2243"]
[BlackElo "2064"]
[Result "1-0"]
[Round "09"]
[TimeControl "180+1"]
[Date "2022.05.25"]
[WhiteClock "0:02:18"]
[BlackClock "0:01:45"]

1. c4 e5 2. g3 Nf6 3. Bg2 d5 4. cxd5 Nxd5 5. Nc3 Nb6 6. Nf3 Nc6 7. O-O Be7 8. d3 g5 9. a3 g4 10. Nd2 h5 11. b4 h4 12. b5 Nd4 13. e3 Ne6 14. Nc4 Nxc4 15. dxc4 Qxd1 16. Rxd1 Ng5 17. Bb2 f6 18. Nd5 Kd8 19. Nxf6+ Bd7 20. Rxd7+ 1-0


[Site "https://www.chess.com"]

[Event "Titled Tuesday Blitz May 24 Late 2022"]
[White "Riehle, Marco"]
[Black "Kruckenhauser, Arthur"]
[WhiteFideId "12904392"]
[BlackFideId "1642812"]
[WhiteElo "2462"]
[BlackElo "2243"]
[Result "1-0"]
[Round "09"]
[TimeControl "180+1"]
[Date "2022.05.24"]
[WhiteClock "0:01:23"]
[BlackClock "0:00:15"]

1. e4 e5 2. Nf3 Nc6 3. Bc4 Nf6 4. d4 exd4 5. O-O Nxe4 6. Nc3 Nxc3 7. bxc3 d5 8. Bd3 Be7 9. Re1 O-O 10. cxd4 Bg4 11. Bf4 Bf6 12. c3 Na5 13. h3 Bh5 14. Re3 Nc4 15. Bxc4 dxc4 16. Qa4 Qd5 17. Bxc7 b5 18. Qa6 Rfe8 19. Rae1 Rxe3 20. Rxe3 h6 21. Be5 Bxf3 22. Bxf6 Be4 23. Rg3 Bg6 24. Be5 Kh7 25. Kh2 f6 26. Bf4 b4 27. cxb4 Qxd4 28. Be3 Qd5 29. Bf4 Bd3 30. a4 Qd4 31. Qb7 Rg8 32. Be3 Qe5 33. Qd7 f5 34. Bd4 Qf4 35. Bxa7 h5 36. Be3 Qb8 37. Kg1 Qxb4 38. Rg5 Qe1+ 39. Kh2 Qe2 40. Bd4 Kh6 41. Rxg7 Qe8 42. Qd6+ 1-0


[Site "https://www.chess.com"]

[Event "Titled Tuesday Blitz May 24 Late 2022"]
[White "Roman, Rodrigo"]
[Black "Lehtosaari, Mauri"]
[WhiteFideId "3701220"]
[BlackFideId "501999"]
[WhiteElo "2001"]
[BlackElo "2471"]
[Result "1-0"]
[Round "09"]
[TimeControl "180+1"]
[Date "2022.05.25"]
[WhiteClock "0:00:19"]
[BlackClock "0:00:14"]

1. Nf3 d5 2. b3 Nf6 3. Bb2 c6 4. e3 Bg4 5. Be2 Nbd7 6. h3 Bxf3 7. Bxf3 e5 8. O-O e4 9. Be2 Bd6 10. c4 O-O 11. d3 Qe7 12. dxe4 dxe4 13. Qc2 Rad8 14. Rd1 Rfe8 15. Nd2 Bb8 16. Nf1 Ne5 17. Ng3 Ng6 18. Nf5 Qe6 19. Bg4 Nxg4 20. hxg4 Be5 21. Rxd8 Rxd8 22. Rd1 Rxd1+ 23. Qxd1 h6 24. Bd4 a6 25. f3 exf3 26. gxf3 Kh7 27. a4 Ne7 28. Nxe7 Qxe7 29. Qd3+ Kg8 30. Qe4 Bd6 31. Qxe7 Bxe7 32. f4 g6 33. Kg2 f5 34. Kf3 Kf7 35. e4 fxe4+ 36. Kxe4 h5 37. g5 Ke6 38. Bf2 Bd6 39. Bh4 Bc7 40. Bf2 Ba5 41. Bh4 Bb6 42. Bg3 Bg1 43. Bh4 Bc5 44. Be1 Bd6 45. b4 Be7 46. c5 Bd8 47. Bc3 Bc7 48. Bd4 h4 49. Bf2 h3 50. Bg1 Bb8 51. Bh2 Bc7 52. Bg3 Bb8 53. Bh2 Bc7 54. Bg1 a5 55. b5 Bb8 56. b6 Kf7 57. Kf3 Ke6 58. Ke4 Kf7 59. Bh2 Ke6 60. Bg3 Kf7 61. Kf3 Ke6 62. f5+ Kxf5 63. Bxb8 Kxg5 64. Kg3 Kf5 65. Kxh3 Ke4 66. Kg4 Kd5 67. Bd6 Kc4 68. Kg5 Kb4 69. Kxg6 Kxa4 70. Kf6 Kb5 71. Ke6 a4 72. Kd7 a3 73. Kc7 a2 74. Be5 Kxc5 75. Kxb7 Kb4 76. Kxc6 Kb3 77. b7 Kc2 78. b8=Q a1=Q 79. Bxa1 1-0


[Site "https://www.chess.com"]

[Event "Titled Tuesday Blitz May 24 Late 2022"]
[White "Romanchuk, Viktor"]
[Black "Sapunov, Evgeny"]
[WhiteFideId "14109271"]
[BlackFideId "4126661"]
[WhiteElo "2242"]
[BlackElo "2470"]
[Result "1-0"]
[Round "09"]
[TimeControl "180+1"]
[Date "2022.05.24"]
[WhiteClock "0:00:18"]
[BlackClock "0:00:09"]

1. d4 Nf6 2. c4 g6 3. Nf3 Bg7 4. g3 O-O 5. Bg2 d6 6. O-O Nbd7 7. Nc3 e5 8. e4 exd4 9. Nxd4 Re8 10. h3 a6 11. Be3 Rb8 12. b3 Ne5 13. f4 Ned7 14. Bf2 c5 15. Nde2 Qc7 16. a4 b6 17. Qc2 Bb7 18. Rad1 Rbd8 19. Rd2 Nb8 20. Rfd1 Nc6 21. Nd5 Nxd5 22. cxd5 Nb4 23. Qc4 b5 24. axb5 axb5 25. Qc1 Ba6 26. Nc3 c4 27. bxc4 bxc4 28. Qa3 Rb8 29. e5 dxe5 30. d6 Qd7 31. Ne4 exf4 32. Nc5 Qb5 33. d7 Red8 34. Nxa6 Qxa6 35. Qxa6 Nxa6 36. gxf4 c3 37. Re2 Nb4 38. Ba7 c2 39. Rxc2 Nxc2 40. Bxb8 Ne3 41. Rd3 Nxg2 42. Kxg2 Kf8 43. Bd6+ Kg8 44. Be7 1-0


[Site "https://www.chess.com"]

[Event "Titled Tuesday Blitz May 24 Late 2022"]
[White "Ronka, Erik"]
[Black "Karttunen, Mika"]
[WhiteFideId "505080"]
[BlackFideId "502081"]
[WhiteElo "2264"]
[BlackElo "2343"]
[Result "1-0"]
[Round "09"]
[TimeControl "180+1"]
[Date "2022.05.24"]
[WhiteClock "0:00:08"]
[BlackClock "0:00:06"]

1. e4 c5 2. Nf3 d6 3. d4 cxd4 4. Nxd4 Nf6 5. Nc3 a6 6. Be3 e5 7. Nb3 Be6 8. f3 Be7 9. Qd2 Nbd7 10. g4 O-O 11. O-O-O b5 12. g5 Nh5 13. Rg1 Rc8 14. Kb1 Nb6 15. Na5 Qc7 16. Nd5 Bxd5 17. exd5 Nc4 18. Bxc4 bxc4 19. Nc6 Rfe8 20. Rg4 Bf8 21. Rxc4 Qd7 22. Qg2 g6 23. Qg4 f5 24. gxf6 Qxg4 25. fxg4 Nxf6 26. h3 Nd7 27. b4 Ra8 28. a3 Bg7 29. Kb2 Rf8 30. Na5 Rf3 31. Bd2 Rxh3 32. Rc7 Nf6 33. c4 Nxg4 34. c5 Nf2 35. Re1 Nd3+ 36. Kc2 Nxe1+ 37. Bxe1 dxc5 38. bxc5 Rxa3 39. Nc6 Bf8 40. d6 Ra4 41. Nxe5 Re4 42. Bc3 Bg7 43. d7 Bxe5 44. Rc8+ Kf7 45. d8=Q 1-0


[Site "https://www.chess.com"]

[Event "Titled Tuesday Blitz May 24 Late 2022"]
[White "Sargsyan, Anna M."]
[Black "Zamorano, Jorge"]
[WhiteFideId "13308130"]
[BlackFideId "173770"]
[WhiteElo "2271"]
[BlackElo "2331"]
[Result "1/2-1/2"]
[Round "09"]
[TimeControl "180+1"]
[Date "2022.05.24"]
[WhiteClock "0:00:05"]
[BlackClock "0:00:03"]

1. d4 Nf6 2. c4 e6 3. Nf3 b6 4. g3 Ba6 5. Qc2 Bb4+ 6. Nbd2 Bb7 7. Bg2 O-O 8. O-O Bxd2 9. Bxd2 Be4 10. Qc1 d6 11. Rd1 Nbd7 12. Bh3 Bxf3 13. exf3 c6 14. Be3 d5 15. b3 Rc8 16. Qb2 Qe7 17. a4 a5 18. Rac1 Rfd8 19. Bd2 c5 20. Be3 cxd4 21. Bxd4 dxc4 22. bxc4 Rc6 23. f4 Rdc8 24. Qe2 Qb4 25. f5 e5 26. Bxe5 Re8 27. f4 Qc5+ 28. Kh1 Nxe5 29. fxe5 Qxe5 30. Qxe5 Rxe5 31. Bg2 Rc8 32. Rd6 h5 33. Rxb6 Rec5 34. Rb5 Rxc4 35. Rxc4 Rxc4 36. h3 Rxa4 37. Rb8+ Kh7 38. Ra8 Ra3 39. Kh2 a4 40. Ra7 Kg8 41. Ra8+ Kh7 42. Ra7 Ra2 43. Rxf7 a3 44. Ra7 Ra1 45. g4 hxg4 46. hxg4 Nxg4+ 47. Kg3 Nf6 48. Kh2 Kh6 49. Kg3 Nh5+ 50. Kf2 Nf6 51. Bf3 Ra2+ 52. Kg3 Ra1 53. Kg2 a2 54. Kh2 Kg5 55. Bg2 Kh6 56. Ra5 Ng4+ 57. Kg3 Ne3 58. Bf3 Nc4 59. Ra4 Nd2 60. Bg2 Nb1 61. Ra5 Nc3 62. Ra3 Ne2+ 63. Kf2 Nd4 64. Kg3 Nxf5+ 65. Kh2 Nd4 66. Ra6+ g6 67. Bd5 Ne2 68. Rxa2 Rxa2 69. Bxa2 Nf4 70. Bb1 Kg5 71. Bxg6 1/2-1/2


[Site "https://www.chess.com"]

[Event "Titled Tuesday Blitz May 24 Late 2022"]
[White "Shapiro, Daniel"]
[Black "Nazaretyan, Tigran"]
[WhiteFideId "2001780"]
[BlackFideId "24162345"]
[WhiteElo "2288"]
[BlackElo "2225"]
[Result "0-1"]
[Round "09"]
[TimeControl "180+1"]
[Date "2022.05.25"]
[WhiteClock "0:01:07"]
[BlackClock "0:01:47"]

1. d4 Nf6 2. c4 c5 3. d5 b5 4. cxb5 a6 5. e3 axb5 6. Bxb5 Qa5+ 7. Nc3 Bb7 8. Ne2 Nxd5 9. O-O e6 10. a4 Be7 11. e4 Nc7 12. Bd3 O-O 13. Ng3 Nc6 14. f4 c4 15. Bb1 d5 16. exd5 Nxd5 17. Nxd5 Qxd5 18. Qc2 g6 19. f5 exf5 20. Bh6 Rfd8 21. Nxf5 gxf5 22. Qf2 Bc5 23. Be3 Bxe3 24. Qxe3 Qd4 25. Ra3 f4 26. Qxd4 Rxd4 27. Rh3 Rxa4 28. Bxh7+ Kf8 29. Re1 Rb4 0-1


[Site "https://www.chess.com"]

[Event "Titled Tuesday Blitz May 24 Late 2022"]
[White "Sibilio, Mario"]
[Black "Jeet, Jain"]
[WhiteFideId "800422"]
[BlackFideId "5073022"]
[WhiteElo "2296"]
[BlackElo "2028"]
[Result "0-1"]
[Round "09"]
[TimeControl "180+1"]
[Date "2022.05.25"]
[WhiteClock "0:00:03"]
[BlackClock "0:01:59"]

1. e4 d6 2. Nc3 g6 3. d4 Bg7 4. Be3 Nc6 5. d5 Nb8 6. Bd4 Nf6 7. e5 dxe5 8. Bxe5 Nbd7 9. Bd4 O-O 10. Nf3 Nb6 11. Be2 Nbxd5 12. Nxd5 Qxd5 13. c4 Qf5 14. Bd3 Qe6+ 15. Qe2 Qxe2+ 16. Bxe2 Be6 17. Nd2 Rfd8 18. Bc3 c5 19. f4 Ng4 20. Bxg7 Kxg7 21. Bxg4 Bxg4 22. h3 Bf5 23. Nb3 b6 24. Rd1 Rxd1+ 25. Kxd1 Rd8+ 26. Kc1 Be4 27. Rg1 a5 28. Nd2 Bd3 29. g3 f6 30. Re1 Kf7 31. Re3 h5 32. h4 Bf5 33. b3 Bg4 34. Ne4 Bf5 35. Nc3 e6 0-1


[Site "https://www.chess.com"]

[Event "Titled Tuesday Blitz May 24 Late 2022"]
[White "Stanisz, Patryk"]
[Black "Clawitter, Craig"]
[WhiteFideId "1123106"]
[BlackFideId "2023105"]
[WhiteElo "1833"]
[BlackElo "2203"]
[Result "0-1"]
[Round "09"]
[TimeControl "180+1"]
[Date "2022.05.25"]
[WhiteClock "0:00:18"]
[BlackClock "0:00:15"]

1. Nf3 Nf6 2. c4 e6 3. Nc3 d5 4. d4 c6 5. e3 Nbd7 6. Qc2 Bd6 7. g4 h6 8. Rg1 e5 9. dxe5 Nxe5 10. Nxe5 Bxe5 11. g5 hxg5 12. Rxg5 Ng4 13. Rxe5+ Nxe5 14. cxd5 Nf3+ 15. Kd1 cxd5 16. Bb5+ Bd7 17. Qa4 Rh4 18. Bxd7+ Qxd7 19. Qxd7+ Kxd7 20. Nxd5 Rd8 21. Ke2 Nxh2 22. b3 Ng4 23. Ba3 Rh2 24. Rf1 Re8 25. Kf3 f5 26. Nf4 g5 27. Ng2 Reh8 28. e4 R8h3+ 29. Ke2 Rxg2 30. exf5 Rhh2 31. Bc5 b6 32. Bd4 Kd6 33. f6 Ke6 34. a4 Nxf6 35. a5 Ne4 36. axb6 axb6 37. Ke3 Nc5 38. b4 Nd7 39. Kd3 g4 40. Re1+ Kd6 41. Kc4 Rxf2 42. Bxf2 Rxf2 43. Rg1 Rf4+ 44. Kb5 Ke5 45. Kc6 Nf6 46. Kxb6 Rxb4+ 47. Kc5 Rf4 48. Rf1 Rxf1 0-1


[Site "https://www.chess.com"]

[Event "Titled Tuesday Blitz May 24 Late 2022"]
[White "Sydoryka, Vladyslav"]
[Black "Shirov, Alexei"]
[WhiteFideId "14145928"]
[BlackFideId "2209390"]
[WhiteElo "2283"]
[BlackElo "2678"]
[Result "1-0"]
[Round "09"]
[TimeControl "180+1"]
[Date "2022.05.24"]
[WhiteClock "0:01:45"]
[BlackClock "0:01:19"]

1. c4 c6 2. g3 d5 3. Bg2 Nf6 4. Nf3 Bg4 5. O-O e6 6. b3 Nbd7 7. Bb2 Bd6 8. d3 Qe7 9. Nbd2 Ba3 10. Bxa3 Qxa3 11. h3 Bxf3 12. Nxf3 O-O 13. Qd2 a5 14. Rab1 e5 15. cxd5 Nxd5 16. Qb2 Qxb2 17. Rxb2 Rfe8 18. Rc1 a4 19. bxa4 N5b6 20. Rcb1 Nxa4 21. Rxb7 Ndc5 22. Rc7 Nc3 23. Rb2 Ra6 24. Nxe5 f6 25. Nxc6 Nxe2+ 26. Kh2 Nxd3 27. Bd5+ Kh8 28. Rxe2 1-0


[Site "https://www.chess.com"]